 Dungeon Crawl Stone Soup version 0.27-a0-1144-g0b7d3b79db (webtiles) character file.

Game seed: 17898538429187424892

11 neco the Firebug (level 2, -6/17 HPs)
             Began as an Octopode Fire Elementalist on May 11, 2021.
             Was a Plaything of Xom.
             Mangled by a +1 vorpal quarterstaff (11 damage)
             ... created by the rancor of the Wu Jian Council
             ... on level 1 of the Dungeon.
             The game lasted 00:14:02 (887 turns).

neco the Firebug (Octopode Fire Elementalist)        Turns: 887, Time: 00:14:03

Health: -6/17      AC: -7    Str:  7    XL:     2   Next: 29%
Magic:  0/5        EV: 13    Int: 17    God:    Xom [..*...]
Gold:   56         SH:  0    Dex: 12    Spells: 4/5 levels left

rFire    + . .     SeeInvis .   k - +0 flail
rCold    x . .     Faith    .   (no shield)
rNeg     . . .     Spirit   +   (helmet restricted)
rPois    .         Reflect  .   i - amulet of guardian spirit
rElec    .         Harm     .   d - ring of fire
rCorr    .         Rampage  .   (no ring)
Will     .....                  (no ring)
Stlth    +++.......             (no ring)
HPRegen  0.05/turn              (no ring)
MPRegen  0.09/turn              (no ring)
                                (no ring)
                                (no ring)

@: corroded
A: almost no armour, amphibious, 8 rings, camouflage 1, gelatinous body 1,
(nimble swimmer 1), tentacles
a: Renounce Religion


You were on level 1 of the Dungeon.
You worshipped Xom.
You were a toy of Xom.
You visited 1 branch of the dungeon, and saw 2 of its levels.

You collected 56 gold pieces.

Inventory:

Hand Weapons
 a - a +0 dagger
 f - a +0 hunting sling
 h - a +0 mace
 k - a +0 flail (weapon)
Missiles
 j - 17 bolts
Jewellery
 d - a ring of fire (left tentacle)
 i - an amulet of guardian spirit (around mantle)
Scrolls
 b - 3 scrolls of teleportation {unknown}
 c - a scroll of identify {unknown}
Potions
 e - a potion of berserk rage {unknown}
 g - a potion of curing {unknown}


   Skills:
 + Level 2.0 Dodging
 + Level 2.7 Stealth
 + Level 2.3 Spellcasting
 + Level 1.0 Conjurations
 + Level 3.3 Fire Magic


You had 4 spell levels left.
You knew the following spells:

 Your Spells              Type           Power      Damage    Failure   Level
a - Foxfire               Conj/Fire      56%        2x1d6     8%          1

Your spell library contained the following spells:

 Spells                   Type           Power      Damage    Failure   Level
 Conjure Flame            Conj/Fire      14%        6-21      22%         3
 Inner Flame              Hex/Fire       11%        N/A       28%         3
 Sticky Flame             Conj/Fire      14%        2d4       58%         4
 Fireball                 Conj/Fire      7%         3d5       91%         5


Dungeon Overview and Level Annotations

Branches:
Dungeon (2/15)

Altars:
Wu Jian
Xom

Annotations:
D:2 Sigmund


Innate Abilities, Weirdness & Mutations

You cannot wear most types of armour.
You are amphibious.
You can wear up to eight rings at the same time.
Your skin changes colour to match your surroundings (Stealth+).
Your rubbery body absorbs attacks. (AC +1, EV +1)
((You are camouflaged near water. (Stealth+)))
You have tentacles for arms and can constrict up to eight enemies at once.


Message History

You drop a +1 pair of gloves.
You open the door.
There is an open door here.
Found a flail.
You see here a +0 flail.
Drop what? 10/52 slots (_ for help) (? for menu, Esc to quit)
Okay, then.
k - a +0 flail
Found a scroll labelled FYUSACLAXOE.
b - 3 scrolls labelled FYUSACLAXOE (gained 1)
An endoplasm comes into view.
k - a +0 flail (weapon)
The helpless endoplasm fails to defend itself.
You hit the endoplasm.
The endoplasm is heavily wounded.
The endoplasm freezes you.
You are frozen.
You feel a terrible chill!
You barely miss the endoplasm. You squeeze the endoplasm.
The endoplasm is almost dead.
The endoplasm freezes you.
You are frozen.
You feel a terrible chill! The endoplasm misses you.
You hit the endoplasm.
You kill the endoplasm!
Sifu Gene Jian Bin says: Suffer, mortal!
The rancor of the Wu Jian Council corrodes you! 5 dancing weapons come into view.
There is a +1 quarterstaff of flaming.
There is a +2 broad axe of flaming.
There is a +1 vorpal quarterstaff.
There is a +0 vorpal rapier.
There is a +3 vorpal quarterstaff.
You hit the +1 vorpal quarterstaff but do no damage.
You grab the +1 vorpal quarterstaff.
You constrict the +1 vorpal quarterstaff.
You hit the +1 vorpal quarterstaff but do no damage.
The +1 vorpal quarterstaff is moderately damaged.
You constrict the +1 vorpal quarterstaff.
The +3 vorpal quarterstaff hits you!
Xom thinks this is hilarious!
* * * LOW HITPOINT WARNING * * *
The +1 vorpal quarterstaff hits you!
Ouch! That really hurt!
You die...
Xom chortles!

##.....## ##...##
##'## #.# #####.####
# #........### #.####
#.##........
#.(((#####.#......###
#@((.........#.#
#######.###.##.# #.#
####.# #.######.#
#........# ##########


You could see 5 dancing weapons.

Vanquished Creatures
  A dart slug (D:1)
  2 endoplasms
  A giant cockroach (D:1)
  A hobgoblin (D:2)
  2 bats
  2 frilled lizards (D:2)
  A rat (D:1)
10 creatures vanquished.

Vanquished Creatures (others)
  A ball python (D:1)
  4 foxfires
5 creatures vanquished.

Grand Total: 15 creatures vanquished

Notes
Turn   | Place    | Note
-------+----------+-------------------------------------------
     0 | D:1      | neco the Octopode Fire Elementalist began the quest for the
                  | Orb.
     0 | D:1      | Reached XP level 1. HP: 11/11 MP: 3/3
    51 | D:1      | Found an ornate altar of the Wu Jian Council.
    67 | D:1      | Became a worshipper of the Wu Jian Council
   137 | D:2      | Found a faded altar of an unknown god.
   164 | D:2      | Fell from the grace of Wu Jian
   164 | D:2      | Became a worshipper of Xom of Chaos
   206 | D:2      | XOM: silly message
   236 | D:2      | Noticed Sigmund
   421 | D:2      | XOM: potion effect (invisibility)
   535 | D:1      | XOM: silly message
   654 | D:1      | XOM: silly message
   784 | D:1      | Reached XP level 2. HP: 17/17 MP: 1/5
   886 | D:1      | Noticed a +1 quarterstaff of flaming
   886 | D:1      | Noticed a +2 broad axe of flaming
   886 | D:1      | Noticed a +1 vorpal quarterstaff
   886 | D:1      | Noticed a +0 vorpal rapier
   886 | D:1      | Noticed a +3 vorpal quarterstaff
   887 | D:1      | Mangled by a +1 vorpal quarterstaff

Illustrated notes

Levels and vault maps discovered:
D:1:      dpeg_arrival_water_altar, layout_loops_corners, lemuel_flame_loot_1
D:2:      layout_loops_ring, hellmonk_ecumenical_altar_pennies_from_heaven,
          uniq_sigmund

Action                   || total
-------------------------++-------
Melee: Dagger            ||    15
       Constrict         ||     4
       Flail             ||     5
       Tentacles         ||     1
 Cast: Foxfire           ||     3
Invok: Lunge             ||     2
 Stab: Sleeping          ||     4
Armor: Skin              ||     4
Dodge: Dodged            ||    11

Table legend: (Time is in decaauts)
 A = Elapsed time spent in this place.
 B = Non-inter-level travel time spent in this place.
 C = Inter-level travel time spent in this place.
 D = Time resting spent in this place.
 E = Time spent auto-exploring this place.
 F = Levels seen in this place.
 G = Mean time per level.
                   A        B        C        D        E       F      G
               +--------+--------+--------+--------+--------+-----+--------+
         Total |    887 |    884 |      3 |    191 |      0 |   2 |  443.5 |
       Dungeon |    887 |    884 |      3 |    191 |      0 |   2 |  443.5 |
               +--------+--------+--------+--------+--------+-----+--------+

Top non-repeatable levels by time:
     D:1: 533 daAuts
     D:2: 354 daAuts
